 Dungeon Crawl Stone Soup version 0.17-a0-1504-gb7d9117 (webtiles) character file.

39 Fizybubbleh the Vexing (level 3, 0/24 HPs)
             Began as a Human Enchanter on July 7, 2015.
             Slain by a jackal (1 damage)
             ... on level 2 of the Dungeon.
             The game lasted 00:05:01 (1420 turns).

Fizybubbleh the Vexing (Human Enchanter)            Turns: 1420, Time: 00:05:01

Health: 0/24       AC:  3    Str:  8    XL:     3   Next: 70%
Magic:  0/6        EV: 12    Int: 16    God:
Gold:   11         SH:  0    Dex: 13    Spells: 3 memorised, 0 levels left

rFire  . . .     SeeInvis .     a - +1 dagger
rCold  . . .     Clarity  .     b - +1 robe
rNeg   . . .     SustAt   .     (no shield)
rPois  .         Gourm    .     (no helmet)
rElec  .         Spirit   .     (no cloak)
rCorr  .         Warding  .     (no gloves)
rMut   .         Stasis   .     (no boots)
MR     .....                    (no amulet)
Stlth  ++........               (no ring)
                                (no ring)

@: very slightly contaminated, not resistant to hostile enchantments, unstealthy
A: no striking features
a: no special abilities


You were on level 2 of the Dungeon.
You were hungry.

You visited 1 branch of the dungeon, and saw 2 of its levels.

You collected 11 gold pieces.

Inventory:

Hand weapons
 a - a +1 dagger (weapon)
Armour
 b - a +1 robe (worn)
Scrolls
 e - a scroll of identify {unknown}
 f - 3 scrolls of blinking {unknown}
 g - a scroll of noise {unknown}
 i - 2 scrolls of enchant armour {unknown}
 n - a scroll of fog {unknown}
Potions
 h - a potion of flight {unknown}
 m - a potion of curing {unknown}
Books
 c - a book of Maledictions

   Spells                             Type                      Level
   a - Corona                         Hexes                        1
   b - Ensorcelled Hibernation        Hexes/Ice                    2
   c - Confuse                        Hexes                        3
   d - Tukima's Dance                 Hexes                        3
   e - Dazzling Spray                 Conjuration/Hexes            3
Comestibles
 d - 3 bread rations
 j - a beef jerky
 k - a slice of pizza
 l - a meat ration


   Skills:
 - Level 1.0 Short Blades
 - Level 2.0 Dodging
 - Level 3.0 Stealth
 - Level 2.0 Spellcasting
 + Level 4.4 Hexes


You couldn't memorise any spells.
You knew the following spells:

 Your Spells              Type           Power        Failure   Level  Hunger
a - Ensorcelled Hibernat  Hex/Ice        #.....       14%         2    ###....
b - Confuse               Hex            ###.....     12%         3    ###....
v - Corona                Hex            ###....      4%          1    #......


Dungeon Overview and Level Annotations

Branches:
Dungeon (2/15)

Altars:
Cheibriados


Message History

* * * LOW HITPOINT WARNING * * *
The jackal bites you.
* * * LOW HITPOINT WARNING * * *
You take 2 damage, and have 2/24 hp.
Aim: a jackal (severely wounded, chance to defeat MR: 69%)
The jackal is outlined in light.
The jackal bites you.
* * * LOW HITPOINT WARNING * * *
You take 1 damage, and have 1/24 hp.
You now have 0/6 mp.
You hit the jackal but do no damage.
The jackal stops to sniff the ground.
The jackal barely misses you.
You hit the jackal but do no damage. The jackal closely misses you.
The jackal closely misses you.
You barely miss the jackal. The jackal barely misses you.
You barely miss the jackal. The jackal barely misses you.
The jackal closely misses you.
You barely miss the jackal. The jackal closely misses you.
You hit the jackal. The jackal misses you.
You barely miss the jackal. The jackal bites you.
You die...

### #._...# .#
..######....#####.####
#........#............
########..............
##.##[....#. #
#.##.##.## ##.#.#
#.##.#.## ##.....#
#.##.#..###†##.#.##
#.##.#.#@#†h....!..
#.##...##h####.#.##
#.###..#### # #...
...# ##..# ...


You could see a jackal.

Vanquished Creatures
  An ooze (D:1)
  3 giant geckos (D:1)
  A ball python (D:1)
  6 bats (D:1)
  3 giant cockroaches
  3 goblins (D:1)
  4 hobgoblins (D:1)
  A jackal (D:2)
  3 kobolds
  A giant newt (D:1)
  3 rats
29 creatures vanquished.

Notes
Turn   | Place    | Note
--------------------------------------------------------------
     0 | D:1      | Fizybubbleh the Human Enchanter began the quest for the Orb.
     0 | D:1      | Reached XP level 1. HP: 13/13 MP: 3/3
    55 | D:1      | Reached XP level 2. HP: 16/19 MP: 0/5
   175 | D:1      | Learned a level 2 spell: Ensorcelled Hibernation
   587 | D:1      | Reached skill level 4 in Hexes
   587 | D:1      | Reached XP level 3. HP: 18/24 MP: 1/6
   665 | D:1      | Learned a level 3 spell: Confuse
   879 | D:1      | Noticed a gnoll sergeant
  1337 | D:2      | Found a snail-covered altar of Cheibriados.
  1413 | D:2      | HP: 1/24 [jackal (1)]
  1420 | D:2      | Slain by a jackal

Vault maps used:
D:1:      minmay_arrival_hallway
D:2:      cheibriados_altar_1, first_bread, grunt_ministairs_7,
          nicolae_tso_carved_into_rock

Action                   || total
-------------------------++-------
Melee: Dagger            ||   129
 Cast: Corona            ||    12
       Ensorcelled Hiber ||    12
 Stab: Sleeping          ||    10
  Eat: Chunk             ||     2
